 Dungeon Sprint DCSS version 0.30-a0-6-g7c9e10e132 (webtiles) character file.

Game seed: 14483448598656171727

6203 mhtbhm the Imperceptible (level 10, -5/51 HPs)
             Began as a Spriggan Brigand on Aug 22, 2022.
             Was a High Priest of Dithmenos.
             Slain by an orc knight
             ... wielding a +0 great sword
              (35 damage)
             ... in the Dungeon (Sprint III: "The Ten Rune Challenge").
             The game lasted 00:04:43 (784 turns).

mhtbhm the Imperceptible (Spriggan Brigand)          Turns: 784, Time: 00:04:44

Health: -5/51      AC:  3    Str: 10    XL:     10   Next: 61%
Magic:  22/23      EV: 20    Int: 10    God:    Dithmenos [*****.]
Gold:   41         SH:  0    Dex: 25    Spells: 22/26 levels left

rFire   . . .      SeeInvis +    a - +2 dagger
rCold   . . .      Faith    .    (no shield)
rNeg    . . .      Spirit   .    b - +0 robe
rPois   .          Reflect  .    (helmet restricted)
rElec   .          Harm     .    c - +0 cloak
rCorr   .          Rampage  .    (gloves unavailable)
Will    .....      NoTele   +    (boots unavailable) Stlth *******+++
                                 (no amulet)
HPRegen 0.17/turn                (no ring)
MPRegen 0.18/turn                (no ring)

@: weak-willed, wreathed by umbra, very quick
A: very small, no large weapons, unfitting armour, see invisible, speed 3, agile
1, strong 1
a: Renounce Religion, Shadow Step, Shadow Form


You were in the Dungeon.
You worshipped Dithmenos.
Dithmenos was extremely pleased with you.
You visited 1 branch You collected 41 gold pieces.

Inventory:

Hand Weapons
 a - a +2 dagger (weapon)
Missiles
 d - 4 poisoned darts (quivered)
 e - 2 curare-tipped darts
Armour
 b - a +0 robe (worn)
 c - a +0 cloak (worn)
Scrolls
 k - a scroll of blinking
 l - a scroll of fear
Potions
 g - a potion of heal wounds
 h - a potion of haste
 i - 2 potions of magic
 j - 2 potions of berserk rage
 n - 4 potions of flight
 q - a potion of mutation
 r - a potion of might
 t - 2 potions of invisibility {unknown}
Miscellaneous
 s - a tin of tremorstones (inert)


   Skills:
 + Level 4.8 Fighting
 + Level 9.5 Short Blades
 + Level 5.9 Throwing
 + Level 3.7 Dodging
 + Level 26.6 Stealth
 - Level 8.7 Spellcasting
 - Level 9.1 Hexes
 * Level 9.3 Invocations
 + Level 1.1 Evocations


You had 22 spell levels left.
You knew the following spells:

 Your Spells              Type           Power      Damage    Failure   Level
a - Slow                  Hex            88%        N/A       1%          1
b - Confusing Touch       Hex            22%        N/A       1%          3

Your spell library contained the following spells:

 Spells                   Type           Power      Damage    Failure   Level
 Vampiric Draining        Necr           4%         2d6       43%         3


Dungeon Overview and Level Annotations

Branches:
Dungeon (1/1)

Altars:
Cheibriados
Dithmenos
Elyvilon
Fedhas
Gozag
Hepliaklqana
Kikubaaqudgha
Makhleb
Nemelex Xobeh
Okawaru
Qazlal
Ru
Sif Muna
Trog
Uskayaw
Vehumet
Wu Jian
Xom
Yredelemnul
Zin
The Shining One
Jiyva
Lugonu


Innate Abilities, Weirdness & Mutations

You are very small and have problems with some larger weapons.
You are too small for most types of armour.
You have supernaturally acute eyesight. (SInv)
You cover ground extremely quickly. (Speed+++)
You are agile. (Dex +4, Str/Int -1)
Your muscles are strong. (Str +4, Int/Dex -1)


Message History

Aim: an orc warrior, wielding a +0 short sword and wearing a +0 plate armour (almost dead, strong, extremely poisoned, slow, umbra, 68% to hit)
You throw a poisoned dart. The poisoned dart hits the orc warrior.
The orc warrior looks as sick as possible!
The orc warrior is almost dead.
The orc knight roars a battlecry!
Unknown command.
Throw: 6 darts (poison)
Press: ? - help, Q - select action, (/) - cycle Shift-Dir - straight line, f - orc knight, p - orc warrior
Aim: an orc knight, wielding a +0 great sword and wearing a +0 plate armour (almost dead, strong, extremely poisoned, slow, weak-willed, umbra, 68% to hit)
You throw a poisoned dart.
The poisoned dart closely misses the orc knight.
The poisoned dart hits the hellwing.
You kill the orc warrior!
Dithmenos accepts your kill.
Unknown command.
Unknown command.
Throw: 5 darts (poison)
Press: ? - help, Q - select action, (/) - cycle Shift-Dir - straight line, f - orc wizard, p - orc knight
Aim: an orc wizard, wielding a +0 dagger and wearing a +0 robe (severely wounded, strong, very poisoned, slow, umbra, 62% to hit)
You throw a poisoned dart. The poisoned dart hits the orc knight!
The orc knight looks as sick as possible!
The orc knight is almost dead.
Unknown command.
Unknown command.
Okay, then.
You hit the orc knight but do no damage.
The orc knight is almost dead.
Unknown command.
Okay, then.
Casting: Confusing Touch (safe; 1% risk of failure)
Confirm with . or Enter, or press ? or * to list all spells.
Aiming: Slow (safe; 1% risk of failure)
Press: ? - help, Shift-Dir - straight line, f - orc knight, p - orc wizard
Aim: an orc knight, wielding a +0 great sword and wearing a +0 plate armour (almost dead, strong, extremely poisoned, slow, weak-willed, umbra, chance to affect: 62%)
The orc knight resists with significant effort.
Your shadow mimicks your spell!
The orc knight easily resists.
The orc knight hits you with a +0 great sword!!
Ouch! That really hurt!
You die...

▓▓▓ ▓▓▓ ♣.############$# ####
♣.#___#___#__#☼##$#○##
♣.#)..#__)#†_#).())...
♣♣♣.###'#'###'##o○o(o.
.♣♣.#..........#°☼o4
♣.♣.'.⌠........#$o#
~♣..#...######'#@○#
....#.⌠.#__#...#○################
....#...#__#...#....#)#)#)....#..
†...#'###__#...##°#.)#.##.###.#^.
....#.))#__#...'##.#.#.##.#).##..
....#___#_v+...#..°#..#..##.)'...
▓▓▓▓▓▓▓▓▓▓▓▓▓▓▓▓▓▓▓▓▓▓▓▓▓▓▓▓▓#†^.
♣~~~........~~~...#...
+♣≈≈≈≈≈≈≈≈≈≈≈≈♣♣P.'^..


You could see 2 orc knights, a hellwing (summoned), an orc sorcerer (strong,
weak-willed) and 2 orcs.

Vanquished Creatures
  Sigmund (D)
  Erolcha (D)
  A deep elf pyromancer (D)
  Edmund (D)
  3 wandering mushrooms (D)
  A shadow (D)
  2 redbacks (D)
  3 orc warriors (D)
  5 two-headed ogres (D)
  A water elemental (D)
  A scorpion (D)
  A necrophage (D)
  A jelly (D)
  An orc priest (D)
  A wizard (D)
  3 orc wizards (D)
  A necromancer (D)
  A kobold demonologist (D)
  3 humans (D)
  3 orcs (D)
  2 endoplasms (D)
  2 rats (D)
39 creatures vanquished.

Notes
Turn   | Place    | Note
-------+----------+-------------------------------------------
     0 | D        | mhtbhm the Spriggan Brigand began the quest for the Orb.
     0 | D        | Reached XP level 1. HP: 10/10 MP: 2/2
     5 | D        | Reached skill level 6 in Stealth
     8 | D        | Reached skill level 7 in Stealth
    47 | D        | Reached skill level 9 in Stealth
    47 | D        | Reached XP level 2. HP: 15/15 MP: 3/3
    61 | D        | Noticed a scorpion
    70 | D        | Killed a scorpion
    71 | D        | Reached skill level 12 in Stealth
    71 | D        | Reached XP level 3. HP: 13/19 MP: 4/4
    71 | D        | Reached XP level 4. HP: 16/23 MP: 5/5
   184 | D        | Gained mutation: You are clumsy. (Dex -2) [potion of
                  | mutation]
   184 | D        | Gained mutation: You are somewhat resistant to further
                  | mutation. [potion of mutation]
   184 | D        | Gained mutation: You are somewhat resistant to both further
                  | mutation and mutation removal. [potion of mutation]
   185 | D        | Gained mutation: You are very clumsy. (Dex -4) [potion of
                  | mutation]
   186 | D        | Lost mutation: You are very clumsy. (Dex -4) [potion of
                  | mutation]
   186 | D        | Lost mutation: You are somewhat resistant to both further
                  | mutation and mutation removal. [potion of mutation]
   186 | D        | Lost mutation: You are clumsy. (Dex -2) [potion of
                  | mutation]
   198 | D        | Lost mutation: You are somewhat resistant to further
                  | mutation. [potion of mutation]
   198 | D        | Gained mutation: Your muscles are strong. (Str +4, Int/Dex
                  | -1) [potion of mutation]
   198 | D        | Gained mutation: You are agile. (Dex +4, Str/Int -1)
                  | [potion of mutation]
   203 | D        | Noticed a water elemental
   206 | D        | Killed a water elemental
   207 | D        | Reached skill level 14 in Stealth
   207 | D        | Reached XP level 5. HP: 28/28 MP: 6/6
   217 | D        | Found a shadowy altar of Dithmenos.
   218 | D        | Found a basalt altar of Yredelemnul.
   218 | D        | Found a sacrificial altar of Ru.
   221 | D        | Reached skill level 5 in Short Blades
   221 | D        | Reached skill level 15 in Stealth
   224 | D        | Became a worshipper of Dithmenos the Shadowed
   241 | D        | Found a glowing silver altar of Zin.
   242 | D        | Found a glowing golden altar of the Shining One.
   242 | D        | Found a white marble altar of Elyvilon.
   242 | D        | Noticed a deep elf pyromancer
   244 | D        | Killed a deep elf pyromancer
   245 | D        | Reached skill level 19 in Stealth
   245 | D        | Reached XP level 6. HP: 33/33 MP: 6/10
   245 | D        | Reached XP level 7. HP: 37/37 MP: 6/11
   255 | D        | Found a radiant altar of Vehumet.
   256 | D        | Found a shimmering blue altar of Sif Muna.
   256 | D        | Found an ancient bone altar of Kikubaaqudgha.
   259 | D        | Reached * piety under Dithmenos
   279 | D        | Learned a level 1 spell: Slow
   283 | D        | Learned a level 3 spell: Confusing Touch
   299 | D        | Found a hide-covered altar of Uskayaw.
   299 | D        | Found an iron altar of Okawaru.
   300 | D        | Found a bloodstained altar of Trog.
   300 | D        | Found an ornate altar of the Wu Jian Council.
   300 | D        | Noticed a human
   300 | D        | Noticed a human
   302 | D        | Killed a human
   303 | D        | Reached skill level 5 in Throwing
   303 | D        | Reached skill level 1 in Spellcasting
   303 | D        | Reached skill level 1 in Hexes
   303 | D        | Reached skill level 5 in Invocations
   303 | D        | Killed a human
   304 | D        | Reached skill level 20 in Stealth
   322 | D        | Noticed a shadow
   324 | D        | Killed a shadow
   324 | D        | Reached ** piety under Dithmenos
   325 | D        | Reached XP level 8. HP: 42/42 MP: 11/13
   330 | D        | Found a blossoming altar of Fedhas.
   330 | D        | Found a stormy altar of Qazlal.
   331 | D        | Found a snail-covered altar of Cheibriados.
   331 | D        | Found a burning altar of Makhleb.
   331 | D        | Found a hazy altar of Hepliaklqana.
   331 | D        | Found a shimmering altar of Xom.
   331 | D        | Found an opulent altar of Gozag.
   331 | D        | Found a sparkling altar of Nemelex Xobeh.
   331 | D        | Found a corrupted altar of Lugonu.
   331 | D        | Found a viscous altar of Jiyva.
   507 | D        | Reached skill level 21 in Stealth
   520 | D        | Noticed a two-headed ogre
   523 | D        | Killed a two-headed ogre
   523 | D        | Reached *** piety under Dithmenos
   529 | D        | Noticed a two-headed ogre
   529 | D        | Noticed Erolcha
   531 | D        | Killed Erolcha
   532 | D        | Reached skill level 22 in Stealth
   532 | D        | Reached skill level 5 in Spellcasting
   532 | D        | Reached skill level 5 in Hexes
   532 | D        | Reached XP level 9. HP: 46/46 MP: 15/18
   532 | D        | Killed a two-headed ogre
   533 | D        | Reached skill level 23 in Stealth
   570 | D        | Reached **** piety under Dithmenos
   687 | D        | Noticed Sigmund
   687 | D        | Noticed Edmund
   689 | D        | Killed Edmund
   690 | D        | Killed Sigmund
   691 | D        | Reached skill level 25 in Stealth
   691 | D        | Reached XP level 10. HP: 47/51 MP: 15/23
   711 | D        | Reached skill level 26 in Stealth
   763 | D        | Noticed an orc sorcerer
   765 | D        | Noticed an orc knight
   768 | D        | Noticed an orc knight
   768 | D        | Reached ***** piety under Dithmenos
   774 | D        | Reached skill level 1 in Evocations
   784 | D        | Slain by an orc knight

Illustrated notes

Levels and vault maps discovered:
D:        dungeon_sprint_mu [sprint_mu_entry_forest, sprint_mu_temple_rooms,
          sprint_mu_d1_spiders, sprint_mu_d2_genie, sprint_mu_d3_branching,
          sprint_mu_orc_legion, sprint_mu_elf_gauntlet, sprint_mu_hive_nellie,
          sprint_mu_lair_fedhas, sprint_mu_vaults_butterflies,
          sprint_mu_slime_circle, sprint_mu_shoals_archi,
          sprint_mu_snake_twists, sprint_mu_blade_basic,
          sprint_mu_crypt_chambers, sprint_mu_tomb_spiral,
          sprint_mu_vestibule_basic, sprint_mu_gehenna_hellfire,
          sprint_mu_dis_giant, sprint_mu_tartarus_statrot,
          sprint_mu_cocytus_islands, sprint_mu_zot1]

Skill      XL: |  1  2  3  4  5  6  7  8  9 10 |
---------------+-------------------------------+-----
Stealth        | 9 12 14 19 20 22 25 26 | 26.6
Fighting       | 2 3 4 |  4.8
Short Blades   | 3 4 6 7 8 9 |  9.5
Throwing       | 3 4 5 |  5.9
Dodging        | 2 3 |  3.7
Invocations    | 4 5 6 8 9 |  9.3
Spellcasting   | 3 5 8 |  8.7
Hexes          | 3 5 8 9 |  9.1
Evocations     | 1 |  1.1

Action                   |  1- 3 |  4- 6 |  7- 9 | 10-12 || total
-------------------------+-------+-------+-------+-------++-------
Melee: Dagger            |    17 |     4 |    19 |     5 ||    45
Throw: Dart              |     3 |       |       |    13 ||    16
 Cast: Confusing Touch   |       |       |     1 |       ||     1
       Slow              |       |       |       |     1 ||     1
Invok: Shadow Step       |       |       |     1 |       ||     1
Evoke: Tin of tremorston |       |       |       |     2 ||     2
  Use: Potion            |       |     4 |     1 |     1 ||     6
       Scroll            |       |       |       |     4 ||     4
 Stab: Sleeping          |     3 |     4 |    15 |     3 ||    25
       Confused          |       |       |     1 |       ||     1
Dodge: Dodged            |     8 |       |     3 |       ||    11

Table legend: (Time is in decaauts)
 A = Elapsed time spent in this place.
 B = Non-inter-level travel time spent in this place.
 C = Inter-level travel time spent in this place.
 D = Time resting spent in this place.
 E = Time spent auto-exploring this place.
 F = Levels seen in this place.
 G = Mean time per level.
                   A        B        C        D        E       F      G
               +--------+--------+--------+--------+--------+-----+--------+
         Total |    661 |    661 |      0 |    386 |      0 |   1 |  661.0 |
       Dungeon |    661 |    661 |      0 |    386 |      0 |   1 |  661.0 |
               +--------+--------+--------+--------+--------+-----+--------+

Top non-repeatable levels by time:
       D: 661 daAuts
